 Dungeon Crawl Stone Soup version 0.25.0-1-g7eea58d2a3 (webtiles) character file.

Game seed: 11283977419584174592

177493 Froggeryz the Bludgeoner (level 18, -4/114 HPs)
             Began as a Gargoyle Gladiator on June 14, 2020.
             Was the Champion of Okawaru.
             Slain by a wolf spider (17 damage)
             ... on level 3 of the Spider Nest.
             The game lasted 00:58:27 (31960 turns).

Froggeryz the Bludgeoner (Gargoyle Gladiator)      Turns: 31960, Time: 00:58:27

Health: -4/114     AC: 38    Str: 26      XL:     18   Next: 17%
Magic:  24/24      EV: 16    Int:  9      God:    Okawaru [******]
Gold:   5822       SH: 20    Dex: 13 (14) Spells: 23/25 levels left

rFire    + . .     SeeInvis .   r - +3 eveningstar (protect)
rCold    . . .     Gourm    .   W - +0 kite shield {reflect}
rNeg     + + +     Faith    .   x - +4 scale mail {rF+}
rPois    ∞         Spirit   .   t - +4 helmet of Qicsy {rN+++ MR++ Int-2}
rElec    +         Reflect  +   n - +1 cloak {MR+}
rCorr    .         Harm     .   D - +0 pair of gloves {Dex+3}
MR       +++++                  A - +0 pair of boots of the Assorted Princes {rPois Str+2}
Stlth    ..........             k - amulet of reflection
HPRegen  0.29/turn              q - +4 ring of evasion
MPRegen  0.19/turn              R - ring of protection from magic

@: flying, very slightly contaminated
A: big wings, negative energy resistance 1, electricity resistance, unbreathing,
petrification resistance, rot immunity, subdued magic 1, AC +13
a: Stop Flying, Heroism, Finesse, Renounce Religion


You were on level 3 of the Spider Nest.
You worshipped Okawaru.
Okawaru was exalted by your worship.
You were very hungry.

You visited 6 branches of the dungeon, and saw 29 of its levels.

You collected 6007 gold pieces.
You spent 185 gold pieces at shops.

Inventory:

Hand Weapons
 o - a +0 demon whip of venom
 r - a +3 eveningstar of protection (weapon)
 S - a +1 eveningstar of venom
Missiles
 c - 5 curare-tipped darts (quivered)
 d - 5 throwing nets
 H - 4 silver javelins
Armour
 b - a +0 hat of see invisible
 i - the +5 ice dragon scales of Jist {rF- rC++ Str+4}
   (You found it on level 3 of the Lair of Beasts)

   It affects your strength (+4).
   It makes you vulnerable to fire.
   It greatly protects you from cold.
 n - a +1 cloak of magic resistance (worn)
 t - the +4 helmet of Qicsy (worn) {rN+++ MR++ Int-2}
   (You found it on level 3 of the Spider Nest)

   It affects your intelligence (-2).
   It renders you almost immune to negative energy.
   It affects your resistance to hostile enchantments.
 x - a +4 scale mail of fire resistance (worn)
 A - the +0 pair of boots of the Assorted Princes (worn) {rPois Str+2}
   (Okawaru gifted it to you on level 4 of the Lair of Beasts)

   It affects your strength (+2).
   It protects you from poison.
 C - a +0 crystal plate armour
 D - a +0 pair of gloves of dexterity (worn)
 W - a +0 kite shield of reflection (worn)
Jewellery
 k - an amulet of reflection (around neck)
 q - a +4 ring of evasion (left hand)
 u - an uncursed ring of protection from fire
 v - an uncursed ring of see invisible
 R - a ring of protection from magic (right hand)
 Y - the ring of Shadows {Umbra +Inv Stlth+}
   (You found it on level 15 of the Dungeon)

   [ring of stealth]

   It lets you turn invisible.
   It makes you more stealthy.
Wands
 a - a wand of iceblast (22)
 E - a wand of clouds (5)
 K - a wand of enslavement (5)
 O - a wand of polymorph (6)
 P - a wand of disintegration (11)
 X - a wand of flame (40)
Scrolls
 e - 8 scrolls of remove curse
 g - 3 scrolls of fog
 h - 3 scrolls of immolation
 j - 5 scrolls of magic mapping
 s - 7 scrolls of enchant armour
 y - 8 scrolls of amnesia
 B - 5 scrolls of vulnerability
 M - a scroll of identify
 U - a scroll of enchant weapon
 V - 8 scrolls of teleportation
Potions
 l - 5 potions of cancellation
 m - 2 potions of mutation
 p - 10 potions of curing
 w - 4 potions of lignification
 z - 4 potions of stabbing
 F - 2 potions of might
 G - 9 potions of haste
 I - 3 potions of magic
 N - 3 potions of brilliance
 Q - a potion of ambrosia
 Z - 5 potions of invisibility
Comestibles
 f - 49 rations


   Skills:
 - Level 13.2 Fighting
 - Level 20.0 Maces & Flails
 - Level 1.7 Throwing
 * Level 12.3 Armour
 - Level 4.1 Dodging
 - Level 16.2 Shields
 - Level 4.4 Spellcasting
 - Level 8.1 Invocations


You had 23 spell levels left.
You knew the following spells:

 Your Spells              Type           Power        Failure   Level  Hunger
a - Swiftness             Chrm/Air       #.......     54%         2    ##.....

Your spell library contained the following spells:

 Spells                   Type           Power        Failure   Level  Hunger
 Corona                   Hex            #......      41%         1    #......
 Foxfire                  Conj/Fire      #...         41%         1    #......
 Magic Dart               Conj           #...         41%         1    #......
 Shock                    Conj/Air       #...         41%         1    #......
 Summon Small Mammal      Summ           #...         41%         1    #......
 Call Imp                 Summ           #.......     54%         2    ##.....
 Ensorcelled Hibernation  Hex/Ice        #.....       54%         2    ##.....
 Searing Ray              Conj           #.....       54%         2    ##.....
 Call Canine Familiar     Summ           #.......     80%         3    ###....
 Confusing Touch          Hex            #.......     80%         3    ###....
 Conjure Flame            Conj/Fire      #.......     80%         3    ###....
 Dazzling Flash           Conj/Hex       #.....       80%         3    ###....
 Inner Flame              Hex/Fire       #.......     80%         3    ###....
 Recall                   Summ/Tloc      N/A          80%         3    ###....
 Static Discharge         Conj/Air       #.......     80%         3    ###....
 Summon Guardian Golem    Hex/Summ       #.......     80%         3    ###....
 Tukima's Dance           Hex            #.......     80%         3    ###....
 Airstrike                Air            #.........   99%         4    #####..
 Cause Fear               Hex            #.........   99%         4    #####..
 Fulminant Prism          Conj/Hex       #.........   99%         4    #####..
 Iskenderun's Mystic Bla  Conj/Tloc      #.......     99%         4    #####..
 Sticky Flame             Conj/Fire      #.......     99%         4    #####..
 Summon Ice Beast         Ice/Summ       #.......     99%         4    #####..
 Summon Lightning Spire   Summ/Air       #.......     99%         4    #####..
 Aura of Abjuration       Summ           #.........   100%        5    ######.
 Bolt of Magma            Conj/Fire/Erth #.........   100%        5    ######.
 Fireball                 Conj/Fire      #.........   100%        5    ######.
 Irradiate                Conj/Tmut      #.........   100%        5    ######.
 Iskenderun's Battlesphe  Conj/Chrm      #.......     100%        5    ######.
 Lightning Bolt           Conj/Air       #.........   100%        5    ######.
 Silence                  Hex/Air        #.........   100%        5    ######.
 Summon Demon             Summ           #.........   100%        5    ######.
 Summon Forest            Summ/Tloc      #.........   100%        5    ######.
 Summon Mana Viper        Hex/Summ       #.......     100%        5    ######.
 Yara's Violent Unravell  Hex/Tmut       #.........   100%        5    ######.
 Conjure Ball Lightning   Conj/Air       #.........   100%        6    #######
 Hydra Form               Tmut           #.........   100%        6    #######
 Iron Shot                Conj/Erth      #.........   100%        6    #######
 Shadow Creatures         Summ           N/A          100%        6    #######
 Dragon Form              Tmut           #.........   100%        7    #######
 Orb of Destruction       Conj           #.........   100%        7    #######
 Spellforged Servitor     Conj/Summ      #.........   100%        7    #######
 Discord                  Hex            #.........   100%        8    #######
 Tornado                  Air            #.........   100%        9    #######
 Statue Form              Tmut/Erth      Unusable     N/A         6    N/A

Dungeon Overview and Level Annotations

Branches:
Dungeon (15/15)            Temple (1/1) D:4            Lair (6/6) D:8
 Shoals (1/4) Lair:3       Spider (4/4) Lair:2        Slime (0/5) Lair:6
    Orc (2/2) D:12            Elf (0/3) Orc:2        Vaults (0/5) D:13
 Depths (0/5) D:15

Altars:
Ashenzari
Cheibriados
Dithmenos
Elyvilon
Fedhas
Gozag
Hepliaklqana
Kikubaaqudgha
Makhleb
Nemelex Xobeh
Okawaru
Qazlal
Ru
Sif Muna
Trog
Uskayaw
Vehumet
Wu Jian
Xom
Yredelemnul
Zin
The Shining One

Shops:
D:8 %   Orc:1 :   Orc:2 =**%

Annotations:
D:12 2 runed translucent doors, Garrluk's ghost, journeyman FoFi


Innate Abilities, Weirdness & Mutations

You are resistant to torment.
Your stone body is resilient. (AC +13)
You are immune to poison.
Your large and strong wings let you fly indefinitely.
You resist negative energy. (rN+)
You are resistant to electric shocks. (rElec)
You can survive without breathing.
You are immune to petrification.
You are immune to rotting.
Your spells are a little easier to cast, but a little less powerful.


Message History

Unknown command.
You feel better.
The wolf spider is no longer berserk.
The wolf spider completely misses you. You block the wolf spider's attack. x2
The wolf spider bites you but does no damage.
You block the wolf spider's attack.
The wolf spider bites you but does no damage.
The wolf spider hits you but does no damage.
The wolf spider misses you.
The wolf spider hits you but does no damage.
The wolf spider bites you!
* * * LOW HITPOINT WARNING * * *
The wolf spider misses you.
The wolf spider bites you but does no damage.
You block the wolf spider's attack.
The wolf spider bites you but does no damage.
You feel better.
The wolf spider hits you but does no damage.
The wolf spider closely misses you. You block the wolf spider's attack.
The wolf spider closely misses you. The wolf spider hits you!
You die...

#≈≈...................#....^^.
##≈#^.................#.^.....
#≈≈......#.^.).......^.....#.
##≈......####..##..^.......#.
##......##.....≈........#≈≈^
##<...###...#≈#.....^.#≈.≈#
#^...#.....^≈.....#≈≈≈...≈
##...#..ss.(≈≈≈≈..≈^.##..#
##..^#...@#≈≈#.#≈.≈.......
#...##....s#≈≈..≈≈#≈...##>
##..#..#....≈#..#.#....<#.
####...####.....#..........#.
##.###..#####..............##.
#.^^##...#^##...........^...##
##^..#.......#.............^###
#....#.......#......######### #
#.......##.####.....#...###.###


You could see 3 wolf spiders.

Vanquished Creatures
  Nikola (Spider:2)
  Gastronok (Lair:1)
  Donald (Orc:2)
  Aizul (Spider:2)
  2 orc warlords (D:12)
  The ghost of Shaidar the Severer, a journeyman MiBe of Trog (Lair:6)
  An emperor scorpion (Spider:2)
  2 ghost moths
  Azrael (D:15)
  5 entropy weavers
  A spark wasp (Spider:4)
  Snorg (Orc:1)
  Josephine (D:15)
  4 vault guards (D:13)
  8 hydras
  A fire dragon (D:15)
  Erolcha (D:10)
  22 two-headed ogres
  5 ogre magi
  5 centaur warriors
  4 tengu warriors
  6 death yaks (Lair:4)
  Urug (Lair:2)
  Sonja (Lair:1)
  6 unseen horrors
  An unseen horror (shapeshifter) (D:13)
  A lindwurm (Lair:6)
  2 oklob plants (Lair:6)
  10 ugly things
  A wolf spider zombie (D:14)
  An orc knight (D:15)
  16 orb spiders
  4 orc sorcerers
  20 wolf spiders
  3 cyclopes (D:15)
  5 manticores
  13 deep elf magi
  A moth of wrath (Spider:2)
  Maurice (Orc:1)
  5 slime creatures
  12 elephants
  A black mamba (Lair:5)
  A gargoyle (D:10)
  A naga mage (D:15)
  Maggie (D:9)
  7 komodo dragons
  13 spiny frogs
  3 freezing wraiths
  2 rime drakes
  A redback zombie (D:15)
  14 demonic crawlers
  A tengu conjurer (D:13)
  A meliai (shapeshifter) (D:13)
  2 trolls
  5 polar bears
  Prince Ribbit (Lair:3)
  32 jumping spiders
  9 hippogriffs
  11 blink frogs
  5 dream sheep (Lair:4)
  9 hornets
  118 redbacks
  11 spriggans (Lair:6)
  Sigmund (D:5)
  A vampire (D:14)
  A spriggan (shapeshifter) (D:15)
  4 shadows
  33 tarantellas
  9 wraiths
  A wyvern (shapeshifter) (D:15)
  3 wyverns
  7 humans (D:13)
  18 yaks
  4 basilisks
  2 fire elementals (D:15)
  Grum (D:8)
  5 vampire mosquitoes
  3 hungry ghosts
  3 wargs
  2 swamp worms (Lair:3)
  2 acid dragons
  3 hell hounds (D:15)
  A soldier ant (D:13)
  7 water moccasins
  A water moccasin (shapeshifter) (D:15)
  12 porcupines
  22 orc warriors
  3 ice beasts
  3 sky beasts
  A hornet zombie (D:15)
  2 necrophages
  37 ogres
  4 boggarts (Lair:6)
  4 black bears
  6 phantoms
  12 centaurs
  31 wolves
  10 crocodiles
  2 big kobolds
  16 bullfrogs
  3 wyvern skeletons
  8 scorpions
  A troll zombie (D:9)
  7 wights
  6 killer bees
  5 howler monkeys (D:11)
  3 electric eels (Lair:1)
  9 centaur zombies
  6 crimson imps
  A lava snake (D:9)
  A quasit (D:15)
  9 hounds
  4 human zombies (D:9)
  2 bullfrog zombies
  12 orc priests
  2 centaur skeletons
  13 orc wizards
  A bullfrog skeleton (D:9)
  3 iguanas
  Terence (D:3)
  5 worker ants
  A hound zombie (D:8)
  2 hound skeletons
  2 howler monkey zombies
  13 gnolls
  12 adders
  3 shadow imps
  3 oozes
  2 adder zombies (D:6)
  2 worms (D:4)
  3 dart slugs
  5 leopard geckos
  95 orcs
  11 bats
  7 giant cockroaches
  5 goblins
  7 hobgoblins
  13 jackals
  A quokka (D:6)
  2 ball pythons
  5 frilled lizards
  17 kobolds
  A leopard gecko zombie (D:7)
  A quokka zombie (D:8)
  6 rats
1026 creatures vanquished.

Vanquished Creatures (others)
  A vault guard (D:13)
  A wolf spider (Spider:2)
  2 redbacks
  A porcupine (Lair:1)
  An ogre (Orc:2)
  An orc (Orc:1)
  3 bushes (D:9)
  18 fungi
  24 plants
52 creatures vanquished.

Grand Total: 1078 creatures vanquished

Notes
Turn   | Place    | Note
-------+----------+-------------------------------------------
     0 | D:1      | Froggeryz the Gargoyle Gladiator began the quest for the
                  | Orb.
     0 | D:1      | Reached XP level 1. HP: 12/12 MP: 1/1
    41 | D:1      | Reached XP level 2. HP: 2/17 MP: 2/2
   512 | D:1      | Reached skill level 4 in Maces & Flails
   532 | D:1      | Reached XP level 3. HP: 15/21 MP: 3/3
   922 | D:2      | Reached XP level 4. HP: 15/26 MP: 4/4
   929 | D:2      | Found a glowing golden altar of the Shining One.
  1136 | D:1      | Reached skill level 5 in Maces & Flails
  1372 | D:2      | You fall into a shaft and drop 2 floors!
  1528 | D:4      | Reached XP level 5. HP: 28/30 MP: 5/5
  1577 | D:4      | Found a staircase to the Ecumenical Temple.
  1609 | Temple   | Entered the Ecumenical Temple
  1699 | Temple   | Became a worshipper of Warmaster Okawaru
  1818 | D:4      | Noticed an ogre
  1986 | D:3      | Found a hide-covered altar of Uskayaw.
  2235 | D:2      | Reached skill level 6 in Maces & Flails
  2969 | D:3      | Reached XP level 6. HP: 13/35 MP: 6/6
  3282 | D:3      | Noticed Terence
  3290 | D:3      | Killed Terence
  3377 | D:4      | Reached skill level 7 in Maces & Flails
  3696 | D:4      | Reached XP level 7. HP: 35/40 MP: 7/7
  3825 | D:4      | Reached skill level 8 in Maces & Flails
  4175 | D:5      | Entered Level 5 of the Dungeon
  4190 | D:5      | Reached * piety under Okawaru
  4247 | D:5      | Found a sparkling altar of Nemelex Xobeh.
  4927 | D:5      | Noticed Sigmund
  4943 | D:5      | Killed Sigmund
  4943 | D:5      | Reached skill level 9 in Maces & Flails
  4943 | D:5      | Reached XP level 8. HP: 19/44 MP: 8/8
  5399 | D:6      | Found a sacrificial altar of Ru.
  5419 | D:6      | Reached ** piety under Okawaru
  5419 | D:6      | Reached skill level 10 in Maces & Flails
  6136 | D:7      | Reached skill level 11 in Maces & Flails
  6276 | D:7      | Reached XP level 9. HP: 48/48 MP: 9/9
  6758 | D:7      | Reached *** piety under Okawaru
  6758 | D:7      | Reached skill level 12 in Maces & Flails
  7048 | D:7      | Reached skill level 1 in Armour
  7086 | D:8      | Found Aphyal's Food Boutique.
  7371 | D:8      | Found a stormy altar of Qazlal.
  7415 | D:8      | Found a stormy altar of Qazlal.
  7514 | D:8      | Noticed Grum
  7921 | D:8      | Reached **** piety under Okawaru
  7965 | D:8      | Reached XP level 10. HP: 55/56 MP: 10/10
  7986 | D:8      | Found a shattered altar of Ashenzari.
  8034 | D:8      | Reached skill level 13 in Maces & Flails
  8127 | D:8      | Found a staircase to the Lair.
  8317 | D:8      | Reached skill level 5 in Fighting
  8335 | D:8      | Killed Grum
  8335 | D:8      | Reached ***** piety under Okawaru
  8784 | Lair:1   | Entered Level 1 of the Lair of Beasts
  8943 | Lair:1   | Noticed Gastronok
  9187 | Lair:1   | Killed Gastronok
  9187 | Lair:1   | Reached skill level 14 in Maces & Flails
  9187 | Lair:1   | Reached XP level 11. HP: 17/68 MP: 5/11
  9559 | Lair:1   | Noticed Sonja
  9596 | Lair:1   | Paralysed by Sonja for 2 turns
  9624 | Lair:1   | Paralysed by Sonja for 4 turns
  9647 | Lair:1   | Killed Sonja
  9799 | Lair:1   | Found a burning altar of Makhleb.
  9868 | Lair:1   | Received a gift from Okawaru
 10404 | Lair:2   | Noticed an eight-headed hydra
 10511 | Lair:2   | Killed an eight-headed hydra
 10804 | Lair:2   | Noticed Urug
 10829 | Lair:2   | Killed Urug
 10829 | Lair:2   | Reached skill level 15 in Maces & Flails
 11347 | Lair:2   | Gained mutation: Your spells are a little easier to cast,
                  | but a little less powerful. [mutagenic glow]
 11584 | Lair:2   | Found a hole to the Spider Nest.
 11778 | Lair:3   | Found a staircase to the Shoals.
 11801 | Lair:3   | Reached skill level 1 in Invocations
 12032 | Lair:3   | Noticed Prince Ribbit
 12044 | Lair:3   | Reached XP level 12. HP: 62/76 MP: 13/13
 12045 | Lair:3   | Killed Prince Ribbit
 12045 | Lair:3   | Received a gift from Okawaru
 12581 | Lair:3   | Got crude ice dragon scales
 12583 | Lair:3   | Identified the +5 ice dragon scales of Jist {rF- rC++
                  | Str+4} (You found it on level 3 of the Lair of Beasts)
 12592 | Lair:4   | Noticed an eight-headed hydra
 12669 | Shoals:1 | Entered Level 1 of the Shoals
 12869 | Lair:4   | Reached skill level 16 in Maces & Flails
 12995 | Lair:4   | Noticed a death yak
 13011 | Lair:4   | Killed a death yak
 13041 | Lair:4   | Noticed a death yak
 13041 | Lair:4   | Noticed a death yak
 13066 | Lair:4   | Killed a death yak
 13080 | Lair:4   | Killed a death yak
 13081 | Lair:4   | Noticed a death yak
 13081 | Lair:4   | Noticed a death yak
 13081 | Lair:4   | Noticed a death yak
 13093 | Lair:4   | Killed a death yak
 13093 | Lair:4   | Reached ****** piety under Okawaru
 13093 | Lair:4   | Reached skill level 5 in Invocations
 13135 | Lair:4   | Killed a death yak
 13169 | Lair:4   | Killed a death yak
 13374 | Lair:4   | Noticed a seven-headed hydra
 13384 | Lair:4   | Killed a seven-headed hydra
 13430 | Lair:4   | Reached skill level 17 in Maces & Flails
 13502 | Lair:4   | Killed an eight-headed hydra
 13502 | Lair:4   | Received a gift from Okawaru
 13502 | Lair:4   | Reached XP level 13. HP: 52/80 MP: 16/18
 13520 | Lair:4   | Got a pair of bloodstained boots {god gift}
 13531 | Lair:4   | Identified the +0 pair of boots of the Assorted Princes
                  | {rPois Str+2} (Okawaru gifted it to you on level 4 of the
                  | Lair of Beasts)
 14946 | Lair:6   | Entered Level 6 of the Lair of Beasts
 15069 | Lair:6   | Noticed Shaidar's ghost (journeyman MiBe)
 15072 | Lair:6   | Found a runed translucent door.
 15214 | Lair:6   | Reached skill level 1 in Spellcasting
 15267 | Lair:6   | Reached skill level 18 in Maces & Flails
 15375 | Lair:6   | Got a crude jade amulet
 15512 | Lair:6   | Received a gift from Okawaru
 15897 | Lair:6   | HP: 4/80 [spriggan rider/+0 spear (11)]
 16413 | Lair:6   | Gained mutation: Your large and strong wings let you fly
                  | indefinitely. [Gargoyle growth]
 16413 | Lair:6   | Reached XP level 14. HP: 45/86 MP: 20/20
 16710 | Lair:6   | Found a staircase to the Slime Pits.
 16976 | Lair:6   | Killed Shaidar's ghost
 16976 | Lair:6   | Received a gift from Okawaru
 17206 | D:9      | Found a blossoming altar of Fedhas.
 17315 | D:9      | Found a basalt altar of Yredelemnul.
 17479 | D:9      | Noticed Maggie
 17488 | D:9      | Killed Maggie
 17591 | D:9      | Identified the amulet of the Republic {Spirit rElec Int+8
                  | Dex-5} (You found it on level 6 of the Lair of Beasts)
 17826 | D:9      | Found a snail-covered altar of Cheibriados.
 18089 | D:10     | Entered Level 10 of the Dungeon
 18094 | D:10     | Reached skill level 5 in Shields
 18139 | D:10     | Found an iron altar of Okawaru.
 18545 | D:10     | Noticed Erolcha
 18551 | D:10     | Killed Erolcha
 18821 | D:11     | Received a gift from Okawaru
 19313 | D:12     | Found a staircase to the Orcish Mines.
 19494 | D:12     | Noticed Garrluk's ghost (journeyman FoFi)
 19494 | D:12     | Noticed a lich
 19605 | D:12     | Found a runed translucent door.
 19613 | D:12     | Found a runed translucent door.
 20263 | Orc:1    | Entered Level 1 of the Orcish Mines
 20263 | Orc:1    | Found Doofaut's Book Boutique.
 20263 | Orc:1    | Noticed an orc warlord
 20357 | D:12     | Killed an orc warlord
 20357 | D:12     | Received a gift from Okawaru
 20365 | D:12     | Identified a scroll of acquirement
 20516 | Orc:1    | Reached skill level 10 in Shields
 20526 | Orc:1    | Noticed Snorg
 20691 | Orc:1    | Killed Snorg
 20712 | Orc:1    | Reached XP level 15. HP: 62/90 MP: 21/21
 20813 | Orc:1    | Noticed Maurice
 20833 | Orc:1    | Killed Maurice
 21309 | Orc:1    | Noticed an orc warlord
 21364 | D:12     | Killed an orc warlord
 21745 | Orc:2    | Entered Level 2 of the Orcish Mines
 21907 | Orc:2    | Found a staircase to the Elven Halls.
 22085 | Orc:2    | Noticed Donald
 22135 | Orc:2    | Killed Donald
 22135 | Orc:2    | Reached skill level 19 in Maces & Flails
 22184 | Orc:2    | Received a gift from Okawaru
 22498 | Orc:2    | Found Leug's General Store.
 22499 | Orc:2    | Found Sumonin's Food Emporium.
 22513 | Orc:2    | Found Silotess's General Store.
 22513 | Orc:2    | Found Boipacr Kenn's Jewellery Shoppe.
 22530 | Orc:2    | Bought a potion of heal wounds for 65 gold pieces
 22532 | Orc:2    | Bought a scroll of enchant weapon for 120 gold pieces
 23485 | D:13     | Got a steaming chain mail
 23486 | D:13     | Identified the +0 chain mail "Iremum" {*Drain +Inv Regen+}
                  | (You found it on level 13 of the Dungeon)
 23579 | D:13     | Received a gift from Okawaru
 23651 | D:13     | Found a gate to the Vaults.
 24430 | D:14     | Reached XP level 16. HP: 60/96 MP: 22/22
 24711 | D:14     | Reached skill level 20 in Maces & Flails
 25406 | D:15     | Entered Level 15 of the Dungeon
 25486 | D:15     | Noticed Azrael
 25511 | D:15     | Killed Azrael
 25531 | D:15     | Received a gift from Okawaru
 25739 | D:15     | Found an ornate altar of the Wu Jian Council.
 25868 | D:15     | Found the ring of Shadows {Umbra +Inv Stlth+}
 25879 | D:15     | Reached skill level 15 in Shields
 25970 | D:15     | Reached skill level 10 in Fighting
 26042 | D:15     | Noticed Josephine
 26049 | D:15     | Received a gift from Okawaru
 26054 | D:15     | Killed Josephine
 26235 | D:15     | Found a staircase to the Depths.
 26869 | Spider:1 | Entered Level 1 of the Spider Nest
 27102 | Spider:1 | HP: 4/99 [disintegration (40)]
 27623 | Spider:1 | Reached XP level 17. HP: 104/104 MP: 23/23
 28933 | Spider:2 | Received a gift from Okawaru
 28933 | Spider:2 | Reached skill level 5 in Armour
 28955 | Spider:2 | Noticed Aizul
 28970 | Spider:2 | Killed Aizul
 29180 | Spider:2 | Received a gift from Okawaru
 29227 | Spider:2 | Learned a level 2 spell: Swiftness
 29454 | Spider:2 | Noticed Nikola
 29484 | Spider:2 | Killed Nikola
 30726 | Spider:3 | Reached skill level 10 in Armour
 30787 | Spider:3 | Received a gift from Okawaru
 30789 | Spider:3 | Got a fading helmet
 30791 | Spider:3 | Got a heavily runed hat {god gift}
 30802 | Spider:3 | Identified the +4 helmet of Qicsy {rN+++ MR++ Int-2} (You
                  | found it on level 3 of the Spider Nest)
 30823 | Spider:3 | Identified the +1 hat "Lisumnei" {+Inv Regen+ Int-5}
                  | (Okawaru gifted it to you on level 3 of the Spider Nest)
 31122 | Spider:3 | Reached XP level 18. HP: 100/114 MP: 24/24
 31378 | Spider:4 | Entered Level 4 of the Spider Nest
 31957 | Spider:4 | HP: 5/114 [wolf spider (16)]
 31960 | Spider:3 | Slain by a wolf spider

Illustrated notes

Levels and vault maps discovered:
D:1:      minmay_arrival_up_and_down, layout_basic, minmay_tetromino_t2
D:2:      lemuel_upstairs_altar, layout_basic, tso_metal_star
D:3:      layout_loops_ring, nicolae_overflow_crystal_walls, first_ration,
          uniq_terence
D:4:      layout_gridville, minmay_temple_entry_crystal_x
D:5:      layout_layer_cave, nemelex_xobeh_ov_fountains_minmay, uniq_sigmund
D:6:      layout_basic, nicolae_ru_sacrificial_ziggurat
D:7:      layout_loops_cross, minmay_misc_feat_secret_circle, grunt_ogre_cave,
          kennysheep_doodads
D:8:      layout_cave_pools, lemuel_round_altar, evilmike_ruin_ashenzari,
          minmay_lair_entry_grove, serial_shops, shop,
          nicolae_qazlal_style_of_elements, uniq_grum
D:9:      layout_small_grid, lemuel_round_altar, fedhas_altar_decomposition,
          lemuel_mausoleum_altar_yredelemnul, kennysheep_generic_room_16,
          uniq_maggie
D:10:     layout_roguey, basic_altar, uniq_erolcha
D:11:     layout_basic
D:12:     layout_irregular_city, hiddenorc2_lemuel,
          muffindrake_ghost_dual_entry, minmay_misc_feat_four_crosses
D:13:     layout_roguey, ximxim_vaults_locker_room
D:14:     hangedman_cross_stitches, layout_cave_pods
D:15:     hangedman_depths_entry_try_elsewhere_first, layout_long_grid,
          lemuel_doored_altar, minmay_fractal_squares_5, uniq_josephine,
          uniq_azrael
Temple:   jpeg_temple_clearing
Lair:1:   layout_roguey, basic_altar, serial_bayou_ford_a, serial_bayou_shore_b,
          lemuel_fruit_fields, serial_bayou_shore_a, uniq_sonja, uniq_gastronok
Lair:2:   layout_big_grid, spider_nest_entry_funnel_web, uniq_urug
Lair:3:   layout_concentric_octagons, elwin_shoals_entry_rocks, minivault_25,
          worms_lemuel, grunt_megastairs_4, uniq_prince_ribbit2
Lair:4:   layout_roguey, grunt_megastairs_3
Lair:5:   layout_cave_pods
Lair:6:   minmay_lair_end_enchanted_forest, layout_misc_corridors,
          minmay_slime_entry_oklob_enclosed, hellmonk_ghost_happy_afterlife
Shoals:1: layout_shoals
Spider:1: layout_chambers
Spider:2: layout_chambers, uniq_nikola, uniq_aizul
Spider:3: layout_spider_delve, nicolae_spider_cling_ruins
Spider:4: johnstein_spider_rune_arachne_lair
Orc:1:    layout_caves, serial_shops, shop, elves_outpost_lemuel, uniq_maurice,
          uniq_snorg
Orc:2:    st_orc_ogre_mass, layout_caves, uniq_donald

Skill      XL: |  1  2  3  4  5  6  7  8  9 10 11 12 13 14 15 16 17 18 |
---------------+-------------------------------------------------------+-----
Maces & Flails | 4 5 6 7 9 11 12 14 15 17 18 19 20 | 20.0
Armour         | 4 11 12 | 12.3
Fighting       | 3 8 9 11 13 | 13.2
Dodging        | 4 |  4.1
Invocations    | 1 6 8 |  8.1
Spellcasting   | 3 4 |  4.4
Shields        | 11 14 16 | 16.2
Throwing       | |  1.7

Action                   |  1- 3 |  4- 6 |  7- 9 | 10-12 | 13-15 | 16-18 || total
-------------------------+-------+-------+-------+-------+-------+-------++-------
Melee: Flail             |   136 |   229 |   451 |   272 |       |       ||  1088
       Morningstar       |       |       |       |    72 |       |       ||    72
       Demon whip        |       |       |       |   314 |   488 |       ||   802
       Eveningstar       |       |       |       |       |  1236 |  1445 ||  2681
Throw: Dart              |       |       |     3 |     5 |     1 |       ||     9
       Javelin           |       |       |       |     9 |       |       ||     9
       Throwing net      |       |       |       |     8 |       |       ||     8
Invok: Heroism           |       |       |       |     4 |       |       ||     4
       Finesse           |       |       |       |     1 |       |       ||     1
 Abil: Fly               |       |       |       |       |       |     1 ||     1
Evoke: Wand              |       |       |       |     4 |     9 |     2 ||    15
  Use: Scroll            |       |     7 |    14 |     3 |    14 |     6 ||    44
       Potion            |       |       |     2 |     6 |     2 |     7 ||    17
 Stab: Confused          |       |       |       |       |     3 |       ||     3
  Eat: Chunk             |       |     9 |    11 |    14 |    36 |    23 ||    93
       Ration            |       |       |     3 |     1 |       |     1 ||     5
Armor: Leather armour    |    36 |       |       |       |       |       ||    36
       Ring mail         |    39 |    53 |       |       |       |       ||    92
       Scale mail        |       |    87 |   223 |   219 |   590 |   572 ||  1691
       Skin              |       |       |       |     8 |       |       ||     8
Dodge: Dodged            |   118 |   153 |   364 |   352 |   878 |   661 ||  2526
Block: Buckler           |       |       |       |       |   442 |       ||   442
       Reflection        |       |       |       |       |    27 |     9 ||    36
       Kite shield       |       |       |       |       |    30 |  1461 ||  1491
